[Event "*** Titled Tuesday Blitz"]
[Site "Chess.com"]
[Date "2021.03.30"]
[Round "11"]
[White "Myshakov_Fedor"]
[Black "wadsy27"]
[Result "1-0"]
[WhiteElo "2439"]
[BlackElo "2561"]
[TimeControl "180+1"]
[EndTime "12:06:38 PDT"]
[Termination "Myshakov_Fedor won by resignation"]

1. c4 e5 2. Nc3 Bb4 3. Nd5 Be7 4. Nxe7 Qxe7 5. g3 Nf6 6. Bg2 d6 7. d3 c6 8. Nf3 Be6 9. O-O Nbd7 10. b4 O-O 11. Rb1 a6 12. a4 Ne8 13. b5 axb5 14. axb5 c5 15. Ng5 Nb6 16. Nxe6 fxe6 17. h4 Nf6 18. Bg5 Ra7 19. Ra1 Rfa8 20. Rxa7 Rxa7 21. Qd2 h6 22. Bxf6 Qxf6 23. Qb2 Qf8 24. Ra1 Qa8 25.
Rxa7 Qxa7 26. Kh2 Nd7 27. b6 Qxb6 28. Qxb6 Nxb6 29. Bxb7 Kf7 30. g4 Kf6 31. Kg3 g5 32. Bc6 Nc8 33. e3 Ne7 34. Bd7 d5 35. h5 e4 36. dxe4 dxc4 37. Kf3 Ke5 38. Ke2 Kxe4 39. Bxe6 c3 40. Bb3 Nc6 41. f3+ Ke5 42. Kd3 Kd6 43. Kxc3 Ne5 44. Bd1 Kd5 45. Be2 Kd6 46. f4 gxf4 47. exf4 Nd7 48. g5 hxg5 49. h6 Nf8 50. fxg5 Ke6 51. Bd3 Kf7 52. Bf5 1-0

[Event "*** Titled Tuesday Blitz"]
[Site "Chess.com"]
[Date "2021.03.30"]
[Round "11"]
[White "mac0504"]
[Black "aunqa"]
[Result "1-0"]
[WhiteElo "2462"]
[BlackElo "2294"]
[TimeControl "180+1"]
[EndTime "12:06:39 PDT"]
[Termination "mac0504 won by resignation"]

1. e4 c5 2. Nf3 e6 3. d4 cxd4 4. Nxd4 a6 5. c4 Qc7 6. Nc3 d6 7. Be2 Nf6 8. O-O Nc6 9. Nc2 g6 10. Bf4 Ne5 11. Qd2 Bd7 12. Rad1 Bc6 13. f3 h5 14. Nd4 Be7 15. b3 h4 16. Nxc6 Qxc6 17. Be3 Rd8 18. h3 Nh5 19. f4 Nd7 20. Bxh5 Rxh5 21.
f5 gxf5 22. exf5 Ne5 23. Qe2 Rh8 24. Bd4 Rg8 25. fxe6 fxe6 26. Bxe5 Qc5+ 27. Bd4 Qg5 28. Ne4 Qg6 29. Nf6+ Bxf6 30. Rxf6 1-0

[Event "*** Titled Tuesday Blitz"]
[Site "Chess.com"]
[Date "2021.03.30"]
[Round "11"]
[White "GM_Crest"]
[Black "picturesquecheck"]
[Result "1-0"]
[WhiteElo "2686"]
[BlackElo "2283"]
[TimeControl "180+1"]
[EndTime "12:06:44 PDT"]
[Termination "GM_Crest won by checkmate"]

1. d4 Nf6 2. c4 e6 3. Nc3 Bb4 4. e3 O-O 5. Ne2 d5 6. a3 Be7 7.
cxd5 exd5 8. g3 c6 9. Bg2 Re8 10. O-O Bf5 11. f3 Bg6 12. Nf4 Nbd7 13. g4 Nb6 14. h4 h6 15. Nxg6 fxg6 16. Qd3 g5 17. hxg5 hxg5 18. b3 Bd6 19. Qg6 Nh7 20. Bd2 Qf6 21. Qxf6 gxf6 22. e4 Kg7 23. Rfe1 Bg3 24. Re2 Rad8 25. Be3 Nf8 26. a4 a5 27. Rb1 Ne6 28.
b4 Nc4 29. bxa5 Nxa5 30. exd5 cxd5 31. Rb5 Ra8 32. Rxd5 Nc4 33. Rd7+ Kg6 34. Bf1 Nxe3 35. Rxe3 Bf4 36. Bd3+ f5 37. Bxf5+ Kf6 38. Nd5# 1-0

[Event "*** Titled Tuesday Blitz"]
[Site "Chess.com"]
[Date "2021.03.30"]
[Round "11"]
[White "Volodar_Murzin"]
[Black "szachuspl"]
[Result "1-0"]
[WhiteElo "2773"]
[BlackElo "2569"]
[TimeControl "180+1"]
[EndTime "12:06:51 PDT"]
[Termination "Volodar_Murzin won by resignation"]

1. e4 c5 2. Nf3 e6 3. g3 Nc6 4.
Bg2 Nf6 5. Qe2 d5 6. exd5 Nxd5 7. O-O Be7 8. Rd1 O-O 9. d4 cxd4 10. Nxd4 Nxd4 11. Rxd4 Bf6 12. Rd1 Qb6 13. c4 Ne7 14. Nc3 a6 15. Ne4 Bd4 16. Rb1 e5 17. b4 Be6 18. a4 Rfd8 19. c5 Qc7 20. Be3 Bxe3 21. Qxe3 Nf5 22. Qe1 Nd4 23. Nd6 Bg4 24. Rd3 Qe7 25.
Rxd4 1-0

[Event "*** Titled Tuesday Blitz"]
[Site "Chess.com"]
[Date "2021.03.30"]
[Round "11"]
[White "korbul"]
[Black "2nd_life"]
[Result "1-0"]
[WhiteElo "2582"]
[BlackElo "2420"]
[TimeControl "180+1"]
[EndTime "12:06:51 PDT"]
[Termination "korbul won by checkmate"]

1. d4 Nf6 2. Nf3 e6 3. Bf4 Bd6 4. Bxd6 cxd6 5. e3 b6 6. c4 Bb7 7. Nc3 d5 8. cxd5 Nxd5 9. Nxd5 Bxd5 10. Bd3 O-O 11. O-O Bxf3 12. Qxf3 d5 13. Rfc1 Nd7 14. Ba6 Nf6 15. Rc2 Qd7 16. Qe2 Rab8 17. a4 Qd6 18.
Rac1 h5 19. h3 g6 20. Rc7 Qb4 21. Qb5 Qd2 22. R7c2 Qa5 23. b4 Qxb5 24. axb5 Ne8 25. Rc6 Kg7 26. f3 Kf6 27. e4 dxe4 28. fxe4 Rd8 29. R1c4 Ke7 30. e5 f6 31. Bc8 Rxc8 32. Rxc8 fxe5 33. dxe5 Rf5 34. Ra8 Rxe5 35. Rxa7+ Kf6 36.
Rf4+ Kg5 37. g3 Nd6 38. h4+ Kh6 39. Rf8 g5 40. Rf6# 1-0

[Event "*** Titled Tuesday Blitz"]
[Site "Chess.com"]
[Date "2021.03.30"]
[Round "11"]
[White "Gloomy_Wanderer"]
[Black "Artyom_ChessMate"]
[Result "1-0"]
[WhiteElo "2706"]
[BlackElo "2553"]
[TimeControl "180+1"]
[EndTime "12:06:57 PDT"]
[Termination "Gloomy_Wanderer won on time"]

1. d4 d5 2. c4 e6 3. Nf3 Nf6 4. g3 Be7 5. Bg2 O-O 6. O-O dxc4 7. Ne5 Nc6 8. Nxc6 bxc6 9. Na3 Bxa3 10. bxa3 Ba6 11.
Qd2 Rb8 12. Qa5 Qc8 13. a4 Rd8 14. Rd1 Rb6 15. e4 Qb7 16. Ba3 h6 17. Qc3 Qc8 18. f3 Rb8 19. Bf1 Qd7 20. Bxc4 Bxc4 21. Qxc4 e5 22.
dxe5 Qxd1+ 23. Rxd1 Rxd1+ 24. Kg2 Nd7 25. f4 Nf8 26.
Qxc6 Rd2+ 27. Kh3 Rxa2 28. Bxf8 Rxf8 29. e6 fxe6 30. Qxe6+ 1-0

[Event "*** Titled Tuesday Blitz"]
[Site "Chess.com"]
[Date "2021.03.30"]
[Round "11"]
[White "Gudmundur_Kjartansson"]
[Black "MF1966Idrisov"]
[Result "0-1"]
[WhiteElo "2491"]
[BlackElo "2380"]
[TimeControl "180+1"]
[EndTime "12:06:57 PDT"]
[Termination "MF1966Idrisov won by resignation"]

1. d4 d6 2. Nf3 f5 3. c4 e6 4. Nc3 Nf6 5. g3 Be7 6. Bg2 O-O 7. O-O Ne4 8. Nxe4 fxe4 9. Ne1 d5 10. f3 exf3 11. Nxf3 Nc6 12. Qc2 Bf6 13. Be3 Kh8 14.
Rad1 Bd7 15. Bf4 Rc8 16. e4 dxc4 17. Qxc4 a6 18. Kh1 Na5 19. Qe2 Bb5 20. Qe1 Bxf1 21. Bxf1 Nc6 22. e5 Be7 23. Bc4 Qd7 24. d5 exd5 25. e6 Qe8 26. Bxd5 Qh5 27. Bxc6 bxc6 28. Ne5 Qh3 29. Nxc6 Bf6 30. e7 Rfe8 31. Rd8 Qh5 32. Qe6 Ra8 33. Rxa8 Rxa8 34. Nd8 Qf3+ 35. Kg1 Bd4+ 36.
Be3 Bxe3+ 37. Qxe3 Qxe3+ 38. Kg2 Qxe7 39. Nc6 Qe4+ 40.
Kh3 Qxc6 0-1

[Event "*** Titled Tuesday Blitz"]
[Site "Chess.com"]
[Date "2021.03.30"]
[Round "11"]
[White "Carnivoras"]
[Black "KacperPolOK"]
[Result "1-0"]
[WhiteElo "2578"]
[BlackElo "2436"]
[TimeControl "180+1"]
[EndTime "12:07:08 PDT"]
[Termination "Carnivoras won by resignation"]

1. d4 Nf6 2. c4 e5 3. dxe5 Ng4 4. Bf4 Nc6 5. Nf3 Bb4+ 6. Nbd2 Qe7 7. e3 Ngxe5 8. Be2 d6 9. O-O Bxd2 10. Nxd2 O-O 11. a3 h6 12. b4 Ng6 13. Bg3 f5 14. Rc1 Nce5 15. c5 d5 16. Nf3 c6 17. Qd4 Nxf3+ 18. Bxf3 Be6 19. Bd6 Qf7 20. Bxf8 Rxf8 21.
Rb1 f4 22. b5 Nh4 23. Qxf4 Qxf4 24. exf4 Nxf3+ 25. gxf3 Rxf4 26. Kg2 d4 27. Rfe1 Bd5 28. bxc6 bxc6 29. Re5 Kh7 30. Rc1 d3 31. Re3 Rd4 32. Rd1 Bc4 33. Re4 Rxe4 34. fxe4 Kg6 35. f4 Kf6 36. Kf3 g5 37. f5 Ke5 38. Ke3 h5 39.
Rxd3 Bxd3 40. Kxd3 a6 41. Ke3 a5 42. a4 g4 43. Ke2 h4 44. Ke3 Kf6 45. Kf4 g3 46.
hxg3 h3 47. Kf3 1-0

[Event "*** Titled Tuesday Blitz"]
[Site "Chess.com"]
[Date "2021.03.30"]
[Round "11"]
[White "Pantata007"]
[Black "FMalexhdez"]
[Result "0-1"]
[WhiteElo "2340"]
[BlackElo "2223"]
[TimeControl "180+1"]
[EndTime "12:07:09 PDT"]
[Termination "FMalexhdez won on time"]

1. d4 Nf6 2. c4 e6 3. Nc3 Bb4 4. e3 c5 5. Ne2 d5 6. cxd5 exd5 7. Bd2 Nc6 8. a3 cxd4 9. Nxd4 Bd6 10. Bb5 Bd7 11.
h3 O-O 12. O-O a6 13. Bd3 Ne5 14. Be2 Rc8 15. Rc1 Bb8 16. Na4 Ne4 17. Rxc8 Bxc8 18.
Bb4 Re8 19. Nf3 Qc7 20. g3 Nxf3+ 21. Bxf3 Bxh3 22. Bg2 Bxg2 23. Kxg2 Nxg3 0-1

[Event "*** Titled Tuesday Blitz"]
[Site "Chess.com"]
[Date "2021.03.30"]
[Round "11"]
[White "prachiti01"]
[Black "Gentlejimmy7"]
[Result "0-1"]
[WhiteElo "2126"]
[BlackElo "2508"]
[TimeControl "180+1"]
[EndTime "12:07:10 PDT"]
[Termination "Gentlejimmy7 won by checkmate"]

1. Nf3 Nf6 2. g3 g6 3. Bg2 Bg7 4. O-O O-O 5. d3 d5 6. Nbd2 Nc6 7. c4 e5 8. Rb1 e4 9. Ne1 exd3 10. Nxd3 dxc4 11.
Nxc4 Bf5 12. Bg5 h6 13. Bf4 Re8 14. Rc1 Nd4 15. Ne3 Nxe2+ 16. Qxe2 Bxd3 17. Qe1 Bxf1 18. Bxc7 Qd4 19. Qxf1 Qxb2 20. Rb1 Qxa2 21. Bxb7 a5 22. Bxa8 Rxa8 23. Ra1 Qd2 24. Ra4 Nd5 25. Nxd5 Qxd5 26.
Qe1 Bc3 27. Qc1 Re8 28. Qxc3 Qd1+ 29. Kg2 Qxa4 30. Bxa5 Qe4+ 31. Kh3 Qf5+ 32. Kg2 Qd5+ 33. Kh3 Re5 34. Qc8+ Kh7 35. Bd8 Rh5+ 36. Bh4 g5 37. Qc2+ Kg7 38. Qc3+ Kg6 39. Qc2+ f5 40. Qc8 g4# 0-1

[Event "*** Titled Tuesday Blitz"]
[Site "Chess.com"]
[Date "2021.03.30"]
[Round "11"]
[White "ErikBlomqvist"]
[Black "Shuvalov"]
[Result "1-0"]
[WhiteElo "2590"]
[BlackElo "2435"]
[TimeControl "180+1"]
[EndTime "12:07:11 PDT"]
[Termination "ErikBlomqvist won by resignation"]

1. e4 e6 2. d4 d5 3. e5 c5 4.
c3 Nc6 5. Nf3 Qb6 6. Bd3 Bd7 7.
dxc5 Bxc5 8. O-O f6 9. b4 Be7 10. Bf4 fxe5 11. Nxe5 Nxe5 12. Bxe5 Nf6 13. Qe2 O-O 14. Nd2 Be8 15. Nb3 Bh5 16. Qc2 h6 17. Rae1 Rac8 18. Bd4 Qc6 19. Nc5 Bf7 20. b5 Qxc5 21.
Bxc5 Bxc5 22. g3 Ng4 23. Kg2 e5 24. Bf5 Bh5 25. Bxc8 Rxc8 26. Qf5 Rf8 27. Qxh5 Nxf2 28. Qxe5 Kh8 29. Qxd5 Bb6 30. c4 1-0

[Event "*** Titled Tuesday Blitz"]
[Site "Chess.com"]
[Date "2021.03.30"]
[Round "11"]
[White "DenisQ"]
[Black "OK97"]
[Result "1-0"]
[WhiteElo "2661"]
[BlackElo "2775"]
[TimeControl "180+1"]
[EndTime "12:07:13 PDT"]
[Termination "DenisQ won by resignation"]

1. Nf3 d5 2. c4 d4 3. g3 Nc6 4. Bg2 e5 5. O-O e4 6. Ne1 h5 7. Bxe4 h4 8. d3 hxg3 9. fxg3 Bh3 10. Ng2 Qd7 11. Qa4 Nf6 12. Rxf6 gxf6 13. Bf4 Bd6 14. Bxd6 Qxd6 15. Nd2 O-O-O 16. Rf1 Rh5 17. Bxc6 Qxc6 18. Qxc6 bxc6 19. Rxf6 Rdh8 20. Nf4 R5h7 21. Nf3 Bg4 22. Ne5 Bd7 23. h4 Re8 24. Rxf7 Rxf7 25. Nxf7 Bg4 26. Kf2 c5 27. Nh6 Bd7 28. g4 Rf8 29. Kg3 Re8 30. g5 Re3+ 31. Kf2 Be8 32. g6 Bxg6 33. Nxg6 Re6 34. h5 Rf6+ 35. Kg3 Re6 36. Nf5 Rxe2 37. h6 Re6 38. Nfe7+ Kd7 39. h7 Re3+ 40. Kg4 1-0

[Event "*** Titled Tuesday Blitz"]
[Site "Chess.com"]
[Date "2021.03.30"]
[Round "11"]
[White "GigaQuparadze"]
[Black "superchess02"]
[Result "0-1"]
[WhiteElo "2885"]
[BlackElo "2828"]
[TimeControl "180+1"]
[EndTime "12:07:16 PDT"]
[Termination "superchess02 won by checkmate"]

1. e4 a6 2. d4 b5 3. Bd3 Bb7 4. Qe2 e6 5. Nf3 c5 6. dxc5 Bxc5 7. O-O d6 8. Nbd2 Nd7 9. Nb3 Bb6 10. a4 bxa4 11.
Rxa4 a5 12. Bb5 Qc7 13. Rd1 Rd8 14. Bf4 e5 15. Rc4 Qb8 16. Bg5 f6 17. Be3 Bxe3 18.
Qxe3 Ne7 19. Nxa5 d5 20. exd5 Bxd5 21. Rb4 O-O 22. Qa3 Qa8 23. Ra1 Kh8 24. Nc4 Bxf3 25. gxf3 Qd5 26. Bxd7 Qxd7 27. Qa7 Qe8 28. Ne3 Nc6 29. Qa4 Nxb4 30. Qxb4 Rb8 31. Qc3 Qg6+ 32. Kh1 Rfc8 33. Qa3 Qh5 34. Kg2 Qg5+ 35. Kh1 Qf4 36. Kg2 e4 37. fxe4 Qxe4+ 38. Kg1 Rb5 39. Nf1 h5 40. Ng3 Qxc2 41. Qe7 h4 42. Ra7 Rg5 43. b4 Qd1+ 44. Kg2 Qd5+ 45. Kh3 hxg3 46. hxg3 Qh1# 0-1

[Event "*** Titled Tuesday Blitz"]
[Site "Chess.com"]
[Date "2021.03.30"]
[Round "11"]
[White "Vanina1989"]
[Black "Cryptochess"]
[Result "1-0"]
[WhiteElo "2758"]
[BlackElo "2575"]
[TimeControl "180+1"]
[EndTime "12:07:16 PDT"]
[Termination "Vanina1989 won by resignation"]

1. d4 Nf6 2. c4 e6 3. Nf3 d5 4.
Nc3 Be7 5. Bg5 O-O 6. e3 Nbd7 7.
Rc1 c6 8. Be2 dxc4 9. Bxc4 b5 10. Bd3 Bb7 11. O-O b4 12. Ne4 Nxe4 13. Bxe7 Qxe7 14.
Bxe4 Rfc8 15. Qd3 Nf6 16. Nd2 a5 17. Rfe1 e5 18. dxe5 Qxe5 19. Qc2 Rc7 20. Bf3 Rd8 21.
Nc4 Qb5 22. Be2 Qg5 23. Bf3 Rcd7 24. Qa4 Ng4 25. Qxa5 Qh4 26. Bxg4 Qxg4 27. Ne5 Qf5 28. e4 Qh5 29. Nxc6 Qxa5 30. Nxa5 Ba6 31. Nc6 Re8 32.
Nxb4 Bb5 33. Nd5 Bd3 34. Rcd1 Bb5 35. b3 f5 36. Nc3 1-0

[Event "*** Titled Tuesday Blitz"]
[Site "Chess.com"]
[Date "2021.03.30"]
[Round "11"]
[White "sokidze"]
[Black "MPGM"]
[Result "1/2-1/2"]
[WhiteElo "2758"]
[BlackElo "2592"]
[TimeControl "180+1"]
[EndTime "12:07:18 PDT"]
[Termination "Game drawn by agreement"]

1. d4 Nf6 2. g3 d5 3. Nf3 e6 4. Bg2 b5 5. O-O Bb7 6. a4 b4 7.
c4 bxc3 8. Nxc3 Be7 9. Bf4 c6 10. a5 Ba6 11. Qa4 O-O 12. Ne5 Qc8 13. b4 Nfd7 14.
Rfc1 Nxe5 15. Bxe5 Qb7 16. Rcb1 Bb5 17. Nxb5 cxb5 18.
a6 Qb6 19. Qa5 Nc6 20. Qxb6 axb6 21. e3 Nxb4 22. a7 Nc6 23. Rxb5 Nxe5 24. dxe5 Bc5 25. Bf1 Rfc8 26. Rb2 Rc7 27. Rba2 b5 28. Bxb5 Rcxa7 29. Rxa7 Rxa7 30. Rxa7 Bxa7 31. Kg2 1/2-1/2

[Event "*** Titled Tuesday Blitz"]
[Site "Chess.com"]
[Date "2021.03.30"]
[Round "11"]
[White "marianokar"]
[Black "Trickov"]
[Result "1/2-1/2"]
[WhiteElo "2504"]
[BlackElo "2419"]
[TimeControl "180+1"]
[EndTime "12:07:18 PDT"]
[Termination "Game drawn by repetition"]

1. e4 c5 2. Nf3 d6 3. Bc4 Nf6 4. d3 g6 5. O-O Bg7 6. c3 O-O 7. Bb3 Nc6 8. Re1 e5 9. Nbd2 Be6 10.
Nf1 d5 11. Bg5 dxe4 12. Bxf6 Qxf6 13. dxe4 c4 14. Bc2 Rfd8 15. Qe2 b5 16. Rad1 a6 17. Ne3 Qe7 18. Nd5 Qa7 19. b3 cxb3 20. Bxb3 Rac8 21. Ng5 Na5 22. Nxe6 fxe6 23. Nb4 Nxb3 24. axb3 Rxd1 25. Rxd1 Rxc3 26. Rd8+ Bf8 27. Nd3 Qe7 28. Ra8 Qd6 29. Ne1 Rc1 30. h4 Qc6 31. Rd8 Qc7 32. Ra8 Qc6 33. Rd8 Qc7 34. Ra8 Qc6 1/2-1/2

[Event "*** Titled Tuesday Blitz"]
[Site "Chess.com"]
[Date "2021.03.30"]
[Round "11"]
[White "Orlov_Oleg"]
[Black "Perecke"]
[Result "0-1"]
[WhiteElo "2560"]
[BlackElo "2308"]
[TimeControl "180+1"]
[EndTime "12:07:18 PDT"]
[Termination "Perecke won by checkmate"]

1. Nf3 d5 2. c4 d4 3. e3 c5 4. b4 f6 5. bxc5 e5 6. exd4 exd4 7. Bd3 Bxc5 8. O-O Ne7 9. Nh4 g6 10.
Ba3 Bxa3 11. Qa4+ Nbc6 12. Qxa3 O-O 13. Re1 Ne5 14. Bf1 N7c6 15. d3 f5 16. g3 g5 17. Ng2 Nf3+ 18. Kh1 Nxe1 19. Nxe1 f4 20. Nd2 Bf5 21. Bg2 Re8 22. Ne4 Ne5 23. Nd6 Qe7 24. c5 Rf8 25. Bxb7 Rab8 26. Bd5+ Kh8 27. Nxf5 Rxf5 28. Be4 Rff8 29. Kg2 fxg3 30. hxg3 g4 31. Rc1 Nf3 32. Qa4 Qf6 33. Qc2 Ng5 34. c6 Nxe4 35. dxe4 Rbc8 36. Nd3 Qf3+ 37. Kg1 Qxe4 38. Qc4 Rf6 39. Nf4 Rfxc6 40. Qxc6 Rxc6 41. Rd1 Rc2 42. a4 Qf3 43. Re1 Qxf2+ 44. Kh1 Qxe1# 0-1

[Event "*** Titled Tuesday Blitz"]
[Site "Chess.com"]
[Date "2021.03.30"]
[Round "11"]
[White "Caterpiller35"]
[Black "SanchezKelvin"]
[Result "0-1"]
[WhiteElo "2391"]
[BlackElo "2590"]
[TimeControl "180+1"]
[EndTime "12:07:19 PDT"]
[Termination "SanchezKelvin won by resignation"]

1. d4 Nf6 2. Bg5 Ne4 3. Bf4 c5 4. f3 Nf6 5. dxc5 Qa5+ 6. Qd2 Qxc5 7. Nc3 d6 8. e4 Nc6 9. O-O-O Qa5 10. Kb1 Be6 11.
Nd5 Qxd2 12. Rxd2 Rc8 13. Bb5 Nd7 14. Ne2 a6 15. Bxc6 bxc6 16. Nb4 a5 17. Nd3 g6 18. Nd4 Bc4 19. Be3 Bg7 20. b3 Ba6 21. Rhd1 c5 22. Ne2 c4 23. Ndf4 O-O 24. Nd5 Rfe8 25. Nc1 a4 26. b4 c3 27. Nxe7+ Rxe7 28. Rxd6 Nb8 29. Bg5 Ree8 30. a3 Bc4 31. Nd3 Bxd3 32. R1xd3 Nc6 33. Ka2 Ne5 34. R3d5 Nc4 35. Rd7 Nb6 0-1

[Event "*** Titled Tuesday Blitz"]
[Site "Chess.com"]
[Date "2021.03.30"]
[Round "11"]
[White "WisdomGame"]
[Black "GMRafpig"]
[Result "0-1"]
[WhiteElo "2077"]
[BlackElo "2603"]
[TimeControl "180+1"]
[EndTime "12:07:20 PDT"]
[Termination "GMRafpig won by resignation"]

1. Nf3 Nf6 2. g3 d5 3. Bg2 e6 4. O-O Be7 5. c4 O-O 6. b3 d4 7. Bb2 c5 8. e3 Nc6 9. exd4 cxd4 10.
Re1 Ne8 11. a3 a5 12. d3 f6 13. Nbd2 e5 14. Nf1 Nc7 15. Bc1 Be6 16. Bd2 Qd7 17.
Qc1 Rab8 18. Rb1 b5 19. cxb5 Nxb5 20. Ng5 Bd5 21. Bxd5+ Qxd5 22. Ne4 Nxa3 23. Ra1 Rxb3 24. f4 Rxd3 25. fxe5 Nxe5 26. Bf4 Nf3+ 27. Kg2 Nxe1+ 28. Qxe1 f5 29. Nd2 fxe4 30. Nxe4 Rxf4 31. gxf4 Re3 32.
Qc1 Qxe4+ 33. Kg1 Re2 34. Qc8+ Kf7 35. Qg4 h5 36. Qxh5+ Qg6+ 37. Qxg6+ Kxg6 38. f5+ Kxf5 39. h4 d3 40. Kf1 Bc5 41. h5 Rf2+ 42. Ke1 Nc2+ 43.
Kd1 Nxa1 44. h6 Nb3 0-1

[Event "*** Titled Tuesday Blitz"]
[Site "Chess.com"]
[Date "2021.03.30"]
[Round "11"]
[White "Mihnea2017"]
[Black "GMJustin"]
[Result "1-0"]
[WhiteElo "2453"]
[BlackElo "2294"]
[TimeControl "180+1"]
[EndTime "12:07:23 PDT"]
[Termination "Mihnea2017 won on time"]

1. e4 c5 2. Nf3 d6 3. d4 cxd4 4. Nxd4 Nf6 5. Nc3 Nc6 6. Bg5 e6 7. Qd2 Be7 8. O-O-O Nxd4 9. Qxd4 O-O 10. f4 Qa5 11. e5 dxe5 12. fxe5 Nd5 13. Bxe7 Nxe7 14.
Bd3 Nc6 15. Qh4 g6 16. Ne4 Qxe5 17. Nf6+ Kg7 18. Rhf1 h6 19. Kb1 Nd4 20. g4 b6 21.
Rde1 Qg5 22. Qf2 Nc6 23. h4 Qc5 24. Qxc5 bxc5 25. Be4 Bb7 26. Nd7 1-0

[Event "*** Titled Tuesday Blitz"]
[Site "Chess.com"]
[Date "2021.03.30"]
[Round "11"]
[White "The_filthy"]
[Black "Oligan22"]
[Result "0-1"]
[WhiteElo "2351"]
[BlackElo "2516"]
[TimeControl "180+1"]
[EndTime "12:07:26 PDT"]
[Termination "Oligan22 won by checkmate"]

1. e4 d6 2. d4 Nf6 3. Nc3 e5 4. Nf3 Nbd7 5. dxe5 dxe5 6. Bc4 Be7 7. Qe2 O-O 8. Bg5 c6 9. O-O-O Qa5 10. Kb1 b5 11.
Bb3 b4 12. Na4 Nb6 13. Nxb6 axb6 14. Bxf6 Bxf6 15. Rd6 c5 16. Rxf6 gxf6 17. Nh4 b5 18. Bd5 Ra6 19. g4 c4 20. Kc1 Qxa2 21. Kd2 Qxb2 22. Qe3 Ra3 23. Qh6 Qc3+ 24. Ke2 Qxc2+ 25. Kf1 Ra2 26. Qxf6 Qd1+ 27. Kg2 Qxg4+ 28. Kf1 Ra1# 0-1

[Event "*** Titled Tuesday Blitz"]
[Site "Chess.com"]
[Date "2021.03.30"]
[Round "11"]
[White "eduardoperalta"]
[Black "oogee"]
[Result "1-0"]
[WhiteElo "2490"]
[BlackElo "2378"]
[TimeControl "180+1"]
[EndTime "12:07:26 PDT"]
[Termination "eduardoperalta won by resignation"]

1. d4 Nf6 2. c4 g6 3. Nc3 Bg7 4. e4 O-O 5. f3 d6 6. Bg5 Nbd7 7. Qd2 a6 8. Nge2 b5 9. cxb5 axb5 10. Nxb5 c6 11.
Nbc3 e5 12. d5 Nb6 13. dxc6 Nc4 14. Qc2 Qa5 15. b3 Na3 16. Qd2 Be6 17. Nc1 Rac8 18. Qb2 Rxc6 19. Bd2 Qa7 20. b4 Rb8 21. Nd3 Nc4 22.
Qc2 Nxd2 23. Qxd2 Qd4 24. Rc1 Bh6 25. Qxh6 Rxc3 26. Rxc3 Qxc3+ 27. Qd2 Qa1+ 28. Kf2 Bxa2 29. Rg1 Bc4 30. Be2 Qd4+ 31. Qe3 Qc3 32. Rc1 Qb3 33. Qd2 Be6 34. Rc3 Qa4 35. Qb2 d5 36. Ra3 Qc6 37. exd5 Nxd5 38. Qxe5 Nxb4 39. Qxb8+ Kg7 40. Qxb4 1-0

[Event "*** Titled Tuesday Blitz"]
[Site "Chess.com"]
[Date "2021.03.30"]
[Round "11"]
[White "malakismayil"]
[Black "morte-negra"]
[Result "1-0"]
[WhiteElo "2312"]
[BlackElo "1933"]
[TimeControl "180+1"]
[EndTime "12:07:26 PDT"]
[Termination "malakismayil won by checkmate"]

1. e4 c5 2. Nf3 d6 3. d4 cxd4 4. Nxd4 Nf6 5. Nc3 a6 6. Bc4 e6 7. a3 Qc7 8. Bd3 Be7 9. O-O O-O 10. Bg5 Nc6 11. Nb3 b5 12. Qe2 Bb7 13. f4 h6 14. Bh4 e5 15. Bxf6 Bxf6 16. Nd5 Qd8 17. f5 Nd4 18. Nxd4 exd4 19. Nf4 Re8 20. Rae1 d5 21. Qf3 dxe4 22. Bxe4 Bxe4 23. Rxe4 Qb6 24. Kh1 Qc5 25. Rfe1 Rxe4 26. Qxe4 Rd8 27. Nh5 Qd6 28. h3 Bg5 29. h4 Be3 30. Rf1 Qd7 31. Qg4 Qe7 32. Qxg7# 1-0

[Event "*** Titled Tuesday Blitz"]
[Site "Chess.com"]
[Date "2021.03.30"]
[Round "11"]
[White "swimmerchess"]
[Black "tsaruk_maks"]
[Result "1-0"]
[WhiteElo "2831"]
[BlackElo "2635"]
[TimeControl "180+1"]
[EndTime "12:07:27 PDT"]
[Termination "swimmerchess won by resignation"]

1. e4 e5 2. Nf3 Nc6 3. Bb5 a6 4. Ba4 Nf6 5. O-O Be7 6. Re1 b5 7. Bb3 O-O 8. d4 d6 9. c3 Bg4 10.
Be3 exd4 11. cxd4 Na5 12. Bc2 Nc4 13. Bc1 c5 14. b3 Na5 15. d5 Nd7 16. Nbd2 Bf6 17.
Rb1 c4 18. h3 Bh5 19. g4 Bg6 20.
Nf1 cxb3 21. axb3 Rc8 22. Ng3 b4 23. Be3 Rc3 24. Nd4 Nc5 25. Rc1 Re8 26. Ndf5 Bxf5 27. Nxf5 Ncxb3 28. Rb1 Nc5 29. Rxb4 Nc4 30. Bd4 Na3 31.
Ba4 Nxa4 32. Rxa4 Rxh3 33. Kg2 Bxd4 34. Qxd4 f6 35. Kxh3 Nc2 36. Qa7 1-0

[Event "*** Titled Tuesday Blitz"]
[Site "Chess.com"]
[Date "2021.03.30"]
[Round "11"]
[White "NoGuru"]
[Black "kikydu96"]
[Result "0-1"]
[WhiteElo "2337"]
[BlackElo "2483"]
[TimeControl "180+1"]
[EndTime "12:07:29 PDT"]
[Termination "kikydu96 won on time"]

1. Nf3 Nf6 2. c4 c6 3. d4 d5 4. Qb3 dxc4 5. Qxc4 Bg4 6. Nbd2 Nbd7 7. g3 e6 8. Bg2 Be7 9. O-O O-O 10. b3 Rc8 11. e4 c5 12. Bb2 cxd4 13. Qxd4 Bc5 14. Qd3 Nb6 15. Qe2 Bb4 16. Rac1 Bxd2 17. Qxd2 Nxe4 18.
Qf4 Bxf3 19. Bxf3 Nd2 20. Bxb7 Nxf1 21. Bxc8 Nxc8 22. Kxf1 Qd5 23. Qd4 Qg5 24. h4 Qg6 25. Kg2 h5 26. Rc7 Nb6 27. Ba3 Re8 28. Rxa7 Nd5 29.
b4 Qc2 30. b5 Rb8 31. b6 Rxb6 32. Ra8+ Kh7 33. Bf8 Qg6 0-1

[Event "*** Titled Tuesday Blitz"]
[Site "Chess.com"]
[Date "2021.03.30"]
[Round "11"]
[White "pfalcon1949"]
[Black "zala02"]
[Result "0-1"]
[WhiteElo "1989"]
[BlackElo "2144"]
[TimeControl "180+1"]
[EndTime "12:07:32 PDT"]
[Termination "zala02 won on time"]

1. c4 c6 2. e4 d5 3. cxd5 cxd5 4. exd5 Qxd5 5. Nc3 Qd8 6. d4 Nf6 7. Nf3 Bf5 8. Bc4 e6 9. O-O Be7 10. Ne5 O-O 11.
Bg5 Nbd7 12. Re1 Rc8 13. Qe2 h6 14. Bh4 a6 15. Rad1 b5 16. Bb3 Nb6 17. Bxf6 Bxf6 18. Ne4 Be7 19. Ng3 Bh7 20. Nxf7 Rxf7 21. Bxe6 Rc2 22. Bxf7+ Kxf7 23. Qe6+ Kf8 24. Nf5 Bf6 25. Nd6 Qe7 26. Qxe7+ Bxe7 27. Nb7 Nc4 28. b3 Nd6 29. Nxd6 Bxd6 30. Rc1 Rxa2 0-1

[Event "*** Titled Tuesday Blitz"]
[Site "Chess.com"]
[Date "2021.03.30"]
[Round "11"]
[White "maximnovik"]
[Black "Rozhkov_V"]
[Result "1-0"]
[WhiteElo "2557"]
[BlackElo "2409"]
[TimeControl "180+1"]
[EndTime "12:07:33 PDT"]
[Termination "maximnovik won by resignation"]

1. d4 d5 2. c4 dxc4 3. e3 e6 4.
Bxc4 Nf6 5. Nf3 a6 6. O-O c5 7. b3 b5 8. Bd3 Bb7 9. Bb2 Nbd7 10. a4 b4 11. Nbd2 Qc7 12. Qe2 Be7 13.
Rac1 O-O 14. e4 Qf4 15. h3 cxd4 16. Bxd4 h6 17. e5 Nd5 18. g3 Qxd4 19. Nxd4 Nc3 20.
Rxc3 bxc3 21. Ne4 Rac8 22. Nd6 Bxd6 23. exd6 Rfd8 24. Bc4 Nc5 25. Qe5 Ne4 26. Rc1 Rxd6 27. Nxe6 f6 28. Qf5 Kh8 29. Nf4 g5 30. Qg6 f5 31.
Ne6 1-0

[Event "*** Titled Tuesday Blitz"]
[Site "Chess.com"]
[Date "2021.03.30"]
[Round "11"]
[White "MergenKakabaev"]
[Black "Yurovskykh_Oleksandr"]
[Result "0-1"]
[WhiteElo "2374"]
[BlackElo "2521"]
[TimeControl "180+1"]
[EndTime "12:07:33 PDT"]
[Termination "Yurovskykh_Oleksandr won by resignation"]

1. e4 c6 2. d4 d5 3. e5 Bf5 4. h4 h6 5. g4 Bd7 6. Nc3 h5 7.
gxh5 Bf5 8. Be3 e6 9. Bd3 Bxd3 10. cxd3 Nh6 11. Nf3 Nf5 12. Ng5 Nd7 13. Qg4 Qe7 14. O-O-O O-O-O 15. Kb1 Kb8 16. Rc1 a6 17. Rhe1 Rc8 18.
f4 Qe8 19. Bf2 Be7 20. Re2 Bd8 21. Na4 f6 22. Nf3 Qxh5 23. Qxh5 Rxh5 24. exf6 Bxf6 25. Rxe6 Rch8 26. Rg1 Kc7 27. a3 b5 28. Nc5 Nxc5 29. dxc5 Kd7 30. Ree1 Re8 31. Rxe8 Kxe8 32. Kc2 Kf7 33.
Rg4 Rh8 34. Ne5+ Bxe5 35. fxe5 g6 36. d4 Ng7 37. Kd3 Ne6 38. Be3 a5 39. Bg5 Rh5 40. Bf6 Rf5 41. Rg3 Rf2 42. Rh3 Rxb2 43. h5 Rb3+ 0-1